 Dungeon Crawl Stone Soup version 0.30.0-5-g1a98f26d00 (webtiles) character file.

Game seed: 7498518802468033659

359 SnakkuSnakku7 the Shooter (level 6, -1/38 HPs)
             Began as a Tengu Enchanter on May 9, 2023.
             Slain by a kobold brigand
             ... wielding a +0 short sword
              (6 damage)
             ... on level 6 of the Dungeon.
             The game lasted 00:07:40 (4485 turns).

SnakkuSnakku7 the Shooter (Tengu Enchanter)         Turns: 4485, Time: 00:07:40

Health: -1/38      AC:  2    Str:  8    XL:     6   Next: 65%
Magic:  10/10      EV: 14    Int: 16    God:
Gold:   125        SH:  3    Dex: 16    Spells: 9/9 levels left

rFire   . . .        a - +0 sling
rCold   . . .        g - +0 buckler
rNeg    . . .        b - +0 robe
rPois   .            (helmet restricted)
rElec   .            (no cloak)
rCorr   .            (no gloves)
SInv    .            (boots unavailable)
Will    .....        (no amulet)
Stlth   ++           (no ring)
HPRegen 0.26/turn    (no ring)
MPRegen 0.12/turn

%: no passive effects
@: flying quickly and evasively, quick
A: beak, talons 3, nimble flight
a: no special abilities


You were on level 6 of the Dungeon.
You visited 1 branch of the dungeon, and saw 6 of its levels.

You collected 125 gold pieces.

Inventory:

Hand Weapons
 a - a +0 sling (weapon)
 d - a +1 dagger
Armour
 b - a +0 robe (worn)
 g - a +0 buckler (worn)
Scrolls
 e - a scroll of teleportation
 f - a scroll of blinking {unknown}
 o - a scroll of vulnerability
 p - a scroll of amnesia
Potions
 c - a potion of invisibility
 h - 3 potions of mutation
 i - a potion of attraction {unknown}
 j - a potion of cancellation
 k - a potion of resistance
 l - a potion of haste
 m - 2 potions of curing {unknown}
 n - a potion of brilliance
 q - a potion of flight {unknown}
 r - a potion of heal wounds
 s - a potion of magic


   Skills:
 - Level 3.9 Fighting
 - Level 1.1 Short Blades
 + Level 5.3 Ranged Weapons
 - Level 2.1 Dodging
 - Level 3.0 Stealth
 - Level 2.0 Spellcasting
 - Level 2.1 Hexes


You had 9 spell levels left.
You didn't know any spells.
Your spell library contained the following spells:

 Spells                   Type           Power      Damage    Failure   Level
 Ensorcelled Hibernation  Hex/Ice        10%        N/A       32%         2
 Confusing Touch          Hex            8%         N/A       38%         3
 Tukima's Dance           Hex            8%         N/A       38%         3
 Poisonous Vapours        Pois/Air       2%         N/A       45%         2
 Dazzling Flash           Conj/Hex       10%        N/A       54%         3
 Mephitic Cloud           Conj/Pois/Air  1%         N/A       69%         3
 Freezing Cloud           Conj/Ice/Air   0%         6-21      100%        5


Dungeon Overview and Level Annotations

Branches:
Dungeon (6/15)
 Temple: D:4-7

Altars:
Ashenzari
Cheibriados
Nemelex Xobeh
Sif Muna
The Shining One

Annotations:
D:3 exclusion: ice beast, Edmund, Grinder


Innate Abilities, Weirdness & Mutations

You have a beak for a mouth.
You have claws for feet.
Your magical nature lets you fly swiftly and evasively.


Message History

You shoot a sling bullet.
The sling bullet hits the kobold brigand.
The kobold brigand is heavily wounded.
The kobold brigand hits you with a +0 short sword!
The kobold brigand hits you with a +0 short sword.
Unknown command.
You shoot a sling bullet.
The sling bullet closely misses the kobold brigand.
The sling bullet hits the kobold.
You kill the kobold!
The kobold brigand hits you with a +0 short sword!
Unknown command.
You shoot a sling bullet.
The sling bullet closely misses the kobold brigand.
The sling bullet hits the kobold.
You kill the kobold!
The kobold brigand hits you with a +0 short sword!
Unknown command.
You are too injured to fight recklessly!
Unknown command.
You are too injured to fight recklessly!
Unknown command.
You are too injured to fight recklessly!
Unknown command.
You are too injured to fight recklessly!
Fire: a) +0 sling
Press: ? - help, Q - select action Shift-Dir - straight line, f/p - kobold brigand
Aim: a kobold brigand, wielding a +0 short sword and quivering poisoned darts (heavily wounded, 53% to hit)
You shoot a sling bullet.
The sling bullet misses the kobold brigand.
The kobold brigand hits you with a +0 short sword!
* * * LOW HITPOINT WARNING * * *
Fire: a) +0 sling
Press: ? - help, Q - select action Shift-Dir - straight line, f/p - kobold brigand
Aim: a kobold brigand, wielding a +0 short sword and quivering poisoned darts (heavily wounded, 53% to hit)
You shoot a sling bullet.
The sling bullet hits the kobold brigand.
The kobold brigand is severely wounded.
The kobold brigand hits you with a +0 short sword.
You die...

...##...##........###.#
##########.##.#.......#
.## ######.##.#..##.#.#
..#
#......##.......#.#####.
.##
#......####..#..........
.#
#......####...KK.K..K...
.#
#............#.#.....K..
.#
#......#######K#######..
.# #......# #..@K)# .#
######## #.##### .####
#.# ....##########.#
.............#.#
.##.......##.#.#
>...##.##......#
.##.##.#####.###
.......#####.#


You could see a kobold brigand and a kobold.

Vanquished Creatures
  A black bear (D:4)
  A jelly (D:4)
  Terence (D:2)
  3 orc wizards (D:4)
  Robin (D:3)
  2 adders
  3 dart slugs
  4 orcs
  8 ball pythons
  5 endoplasms
  4 giant cockroaches
  23 goblins
  5 hobgoblins
  6 jackals (D:1)
  4 quokkas
  A bat (D:2)
  6 frilled lizards
  11 kobolds
  7 rats
96 creatures vanquished.

Notes
Turn   | Place    | Note
-------+----------+-------------------------------------------
     0 | D:1      | SnakkuSnakku7 the Tengu Enchanter began the quest for the
                  | Orb.
     0 | D:1      | Reached XP level 1. HP: 10/10 MP: 4/4
    51 | D:1      | Reached skill level 1 in Fighting
    91 | D:1      | Found a faded altar of an unknown god.
   113 | D:1      | Reached XP level 2. HP: 14/16 MP: 6/6
   440 | D:1      | Reached XP level 3. HP: 11/22 MP: 7/7
   497 | D:1      | Reached skill level 1 in Ranged Weapons
  1634 | D:2      | Reached XP level 4. HP: 27/28 MP: 8/8
  1687 | D:2      | Reached skill level 2 in Ranged Weapons
  1894 | D:3      | Noticed Robin
  2085 | D:3      | Noticed an ice beast
  2208 | D:3      | Killed Robin
  2290 | D:3      | Gained mutation: Your magical nature lets you fly swiftly
                  | and evasively. [Tengu growth]
  2290 | D:3      | Reached XP level 5. HP: 28/32 MP: 9/9
  2560 | D:3      | Noticed Terence
  2665 | D:2      | Killed Terence
  2666 | D:2      | Reached skill level 3 in Ranged Weapons
  2795 | D:3      | Noticed Grinder
  2996 | D:4      | Found a sparkling altar of Nemelex Xobeh.
  2997 | D:4      | Found a glowing golden altar of the Shining One.
  2998 | D:4      | Found a broken altar of Ashenzari.
  2998 | D:4      | Found a shimmering blue altar of Sif Muna.
  2999 | D:4      | Found a snail-covered altar of Cheibriados.
  3076 | D:4      | Noticed Edmund
  3460 | D:4      | Noticed a black bear
  3719 | D:4      | Killed a black bear
  3720 | D:4      | Reached skill level 4 in Ranged Weapons
  3720 | D:4      | Reached XP level 6. HP: 16/38 MP: 10/10
  4182 | D:4      | Reached skill level 5 in Ranged Weapons
  4342 | D:5      | Entered Level 5 of the Dungeon
  4342 | D:5      | You are sucked into a shaft and drop 1 floor!
  4485 | D:6      | Slain by a kobold brigand

Illustrated notes

Levels and vault maps discovered:
D:1:      wander_arrival_estate, layout_basic,
          hellmonk_ecumenical_altar_zigzags, minmay_misc_feat_x, minmay_domino_4
D:2:      cheibrodos_old_hovel, layout_basic
D:3:      layout_basic, uniq_robin, uniq_grinder, uniq_terence
D:4:      layout_basic, minitemple, chequers_serial_rivers_large_b,
          item_on_display_b, uniq_edmund
D:5:      layout_rooms, yredelemnul_forgotten_temple_becter,
          minmay_temple_entry_proselytizer, kennysheep_crisscross
D:6:      layout_loops_cross, columned_hall_lemuel

Skill      XL: |  1  2  3  4  5  6 |
---------------+-------------------+-----
Fighting       | 1 2 3 |  3.9
Ranged Weapons | 1 2 4 5 |  5.3
Short Blades   | |  1.1
Dodging        | |  2.1
Stealth        | |  3.0
Spellcasting   | |  2.0
Hexes          | |  2.1

Action                     |  1- 3 |  4- 6 || total
---------------------------+-------+-------++-------
  Melee: Dagger            |    34 |       ||    34
         Kick              |    14 |       ||    14
         Peck              |     1 |     2 ||     3
         Sling             |       |     8 ||     8
   Fire: Sling             |   116 |   250 ||   366
    Use: Scroll            |     2 |    12 ||    14
         Potion            |     1 |     2 ||     3
   Stab: Sleeping          |     2 |       ||     2
 Armour: Robe              |     9 |    19 ||    28
  Dodge: Dodged            |    74 |   107 ||   181
  Block: Buckler           |       |    19 ||    19
